cohdb
Replays
Latest Replays
All Replays
Popular Replays
Top Player Replays
Match Explorer
How It Works
Community
CoH3 Stats
Reddit
Sign in to upload your games and track your stats! →
Sign in with Steam
Match 27847787
Unlisted
Match 27847787
Overview
Messages
Build Orders
End
Engineer Squad
Construct Barracks
Selects Advanced Infantry Battlegroup
Riflemen Squad
Riflemen Squad
Riflemen Squad
Infantry Support Center
Construct Medical Station
Construct Medical Station
Construct Motor Pool
Selects Convert to Ranger Squad
Convert to Ranger Squad
M8 Greyhound Armored Car
M1918 Browning Automatic Rifles
Riflemen Squad
Selects Ammunition Storage
M1 Anti-tank Gun Team
AHOIENMQ
Jelly Bean
Ruby
HulkSMASH
0
0
Comments
sign in to comment!
No comments posted yet!